PIO (24 & UNDER)
SEATTLE RAINIERS @ SASKATOON SMOKIN' GUNS
09/21/2025
 
TOP OF THE 1ST
Seattle Rainiers batting - Pitching for Saskatoon Smokin' Guns : RHP Alex Phillips
Pitching: RHP Alex Phillips
Batting: RHB Enrique Mendoza 0-0: Ground out 6-3 (Groundball, 6)
Batting: RHB Robert Marks 0-0: Called Strike
0-1: Foul Ball, location: 2F
0-2: Hit by Pitch
Batting: LHB Alan Moore 0-0: Foul Ball, location: 2F
0-1: Called Strike
0-2: Ball
1-2: Ball
2-2: Strikes out swinging
Batting: RHB Jeremiah Soto 0-0: Foul Ball, location: 2F
0-1: Ball
1-1: Called Strike
1-2: Strikes out swinging
Top of the 1st over - 0 run(s), 0 hit(s), 0 error(s), 1 left on base; Seattle 0 - Saskatoon 0
BOTTOM OF THE 1ST
Saskatoon Smokin' Guns batting - Pitching for Seattle Rainiers : LHP William Gordon
Pitching: LHP William Gordon
Batting: RHB Xavier López 0-0: Swinging Strike
0-1: Ball
1-1: Bunt missed!
1-2: Ball
2-2: Ball
3-2: Foul Ball, location: 2F
3-2: Base on Balls
Batting: RHB Kenny Thompson 0-0: Ball
1-0: Called Strike
1-1: Swinging Strike
1-2: DOUBLE (Line Drive, 89M)
Xavier López to third
Batting: LHB José Liñares 0-0: Foul Ball, location: 2F
0-1: Foul Ball, location: 2F
0-2: Ball
1-2: Fly out, F7 (Line Drive, 7M)
Runner from 3rd tags up, SCORES, no throw
Batting: LHB Raúl Casillán 0-0: Fly out, F9 (Flyball, 89S)
Batting: RHB Peter Bryant 0-0: Hit by Pitch
Batting: RHB César Rodríguez 0-0: Foul Ball, location: 2F
0-1: Ball
1-1: Ball
2-1: Called Strike
2-2: Ball
3-2: Ground out 1-3 (Groundball, 23)
Bottom of the 1st over - 1 run(s), 1 hit(s), 0 error(s), 2 left on base; Seattle 0 - Saskatoon 1
TOP OF THE 2ND
Seattle Rainiers batting - Pitching for Saskatoon Smokin' Guns : RHP Alex Phillips
Batting: RHB Roberto Pérez 0-0: Called Strike
0-1: Ball
1-1: Ball
2-1: Called Strike
2-2: Strikes out swinging
Batting: RHB Alfredo Farías 0-0: Swinging Strike
0-1: Ball
1-1: Ball
2-1: Called Strike
2-2: Foul Ball, location: 2F
2-2: Strikes out looking
Batting: RHB Casey Fox 0-0: Ball
1-0: Ball
2-0: Fly out, F9 (Line Drive, 89M)
Top of the 2nd over - 0 run(s), 0 hit(s), 0 error(s), 0 left on base; Seattle 0 - Saskatoon 1
BOTTOM OF THE 2ND
Saskatoon Smokin' Guns batting - Pitching for Seattle Rainiers : LHP William Gordon
Batting: RHB Johnny MacNamara 0-0: Called Strike
0-1: Ball
1-1: Ball
2-1: Foul Ball, location: 2F
2-2: Ball
3-2: Foul Ball, location: 2F
3-2: Ground out 6-3 (Groundball, 6)
Batting: RHB Henry Jackson 0-0: Ball
1-0: Ground out 6-3 (Groundball, 6M)
Batting: LHB Bo Rush 0-0: Ball
1-0: Ball
2-0: Called Strike
2-1: Foul Ball, location: 2F
2-2: Ground out U3 (Groundball, 3)
Bottom of the 2nd over - 0 run(s), 0 hit(s), 0 error(s), 0 left on base; Seattle 0 - Saskatoon 1
TOP OF THE 3RD
Seattle Rainiers batting - Pitching for Saskatoon Smokin' Guns : RHP Alex Phillips
Batting: RHB Tony Hernández 0-0: TRIPLE (Line Drive, 8RD)
Batting: LHB Miguel García 0-0: Ground out 4-3 (Groundball, 34)
Tony Hernández scores
Batting: RHB Enrique Mendoza 0-0: Ball
1-0: Called Strike
1-1: Ball
2-1: Ball
3-1: Called Strike
3-2: Base on Balls
Batting: RHB Robert Marks 0-0: Called Strike
0-1: Ball
1-1: Ball
2-1: 2-RUN HOME RUN (Flyball, 7LD), Distance : 393 ft
Batting: LHB Alan Moore 0-0: Called Strike
0-1: Ball
1-1: Ball
2-1: Fly out, F7 (Popup, 6MD)
Batting: RHB Jeremiah Soto 0-0: Called Strike
0-1: Called Strike
0-2: Foul Ball, location: 2F
0-2: Ball
1-2: Foul Ball, location: 2F
1-2: Foul Ball, location: 2F
1-2: Foul Ball, location: 2F
1-2: Foul Ball, location: 2F
1-2: Ball
2-2: Ball
3-2: Base on Balls
Batting: RHB Roberto Pérez 0-0: Ball
1-0: Called Strike
1-1: Foul Ball, location: 2F
1-2: Ball
2-2: Ground out 2-3 (Groundball, 23)
Top of the 3rd over - 3 run(s), 2 hit(s), 0 error(s), 1 left on base; Seattle 3 - Saskatoon 1
BOTTOM OF THE 3RD
Saskatoon Smokin' Guns batting - Pitching for Seattle Rainiers : LHP William Gordon
Batting: RHB Xavier López 0-0: Called Strike
0-1: Fly out, F7 (Flyball, 7M)
Batting: RHB Kenny Thompson 0-0: Ball
1-0: Ground out 6-3 (Groundball, 56)
Batting: LHB José Liñares 0-0: Ball
1-0: Fly out, F8 (Flyball, 8LD)
Bottom of the 3rd over - 0 run(s), 0 hit(s), 0 error(s), 0 left on base; Seattle 3 - Saskatoon 1
TOP OF THE 4TH
Seattle Rainiers batting - Pitching for Saskatoon Smokin' Guns : RHP Alex Phillips
Batting: RHB Alfredo Farías 0-0: Foul Ball, location: 2F
0-1: Called Strike
0-2: Ball
1-2: Ball
2-2: SINGLE (Line Drive, 56)
Batting: RHB Casey Fox 0-0: Foul Ball, location: 2F
0-1: Ball
Alfredo Farías steals 2nd base
1-1: Ball
2-1: Ball
3-1: Base on Balls
Batting: RHB Tony Hernández 0-0: Called Strike
0-1: Fielders Choice at 2nd, U6 (Groundball, 6M)
Alfredo Farías to third
Batting: LHB Miguel García 0-0: Hit by Pitch
Tony Hernández to second
Batting: RHB Enrique Mendoza 0-0: Called Strike
0-1: Ball
1-1: Foul Ball, location: 2F
1-2: Strikes out looking
Batting: RHB Robert Marks 0-0: Foul Ball, location: 2F
0-1: Foul Ball, location: 2F
0-2: Ball
1-2: Ball
2-2: Foul Ball, location: 2F
2-2: Ball
3-2: Foul Ball, location: 2F
3-2: Foul Ball, location: 2F
3-2: Ground out 5-3 (Groundball, 5L)
Top of the 4th over - 0 run(s), 1 hit(s), 0 error(s), 3 left on base; Seattle 3 - Saskatoon 1
BOTTOM OF THE 4TH
Saskatoon Smokin' Guns batting - Pitching for Seattle Rainiers : LHP William Gordon
Batting: LHB Raúl Casillán 0-0: Foul Ball, location: 2F
0-1: Called Strike
0-2: Fly out, F7 (Flyball, 78D)
Batting: RHB Peter Bryant 0-0: Ball
1-0: Ball
2-0: Called Strike
2-1: Ball
3-1: Called Strike
3-2: Foul Ball, location: 2F
3-2: Base on Balls
Batting: RHB César Rodríguez 0-0: Foul Ball, location: 2F
0-1: Ball
Peter Bryant is caught stealing 2nd base
1-1: Ground out 5-3 (Groundball, 6S)
Bottom of the 4th over - 0 run(s), 0 hit(s), 0 error(s), 0 left on base; Seattle 3 - Saskatoon 1
TOP OF THE 5TH
Seattle Rainiers batting - Pitching for Saskatoon Smokin' Guns : RHP Alex Phillips
Pitching: LHP Ernesto Pérez
Batting: LHB Alan Moore 0-0: Swinging Strike
0-1: Ball
1-1: Foul Ball, location: 2F
1-2: Ball
2-2: DOUBLE (Line Drive, 8LXD)
Batting: RHB Jeremiah Soto 0-0: Intentional Walk
Batting: RHB Roberto Pérez 0-0: Called Strike
0-1: Ball
1-1: Foul Ball, location: 2F
1-2: Ball
2-2: Ball
3-2: Strikes out swinging
Batting: RHB Alfredo Farías 0-0: Swinging Strike
0-1: Foul Ball, location: 2F
0-2: Ball
1-2: Strikes out swinging
Batting: RHB Casey Fox 0-0: Foul Ball, location: 2F
0-1: Called Strike
0-2: Ball
1-2: Strikes out swinging
Top of the 5th over - 0 run(s), 1 hit(s), 0 error(s), 2 left on base; Seattle 3 - Saskatoon 1
BOTTOM OF THE 5TH
Saskatoon Smokin' Guns batting - Pitching for Seattle Rainiers : LHP William Gordon
Batting: RHB Johnny MacNamara 0-0: Ground out 5-3 (Groundball, 5)
Batting: RHB Henry Jackson 0-0: Called Strike
0-1: SOLO HOME RUN (Flyball, 78XD), Distance : 453 ft
Batting: LHB Bo Rush 0-0: Swinging Strike
0-1: Fly out, F2 (Popup, 2RF)
Batting: RHB Xavier López 0-0: Swinging Strike
0-1: Ball
1-1: Foul Ball, location: 2F
1-2: Strikes out swinging
Bottom of the 5th over - 1 run(s), 1 hit(s), 0 error(s), 0 left on base; Seattle 3 - Saskatoon 2
TOP OF THE 6TH
Seattle Rainiers batting - Pitching for Saskatoon Smokin' Guns : LHP Ernesto Pérez
Batting: RHB Tony Hernández 0-0: Ball
1-0: Ball
2-0: Swinging Strike
2-1: Foul Ball, location: 2F
2-2: Strikes out swinging
Batting: LHB Miguel García 0-0: Fly out, F8 (Flyball, 78M)
Batting: RHB Enrique Mendoza 0-0: Swinging Strike
0-1: Ball
1-1: Foul Ball, location: 2F
1-2: Foul Ball, location: 2F
1-2: Strikes out swinging
Top of the 6th over - 0 run(s), 0 hit(s), 0 error(s), 0 left on base; Seattle 3 - Saskatoon 2
BOTTOM OF THE 6TH
Saskatoon Smokin' Guns batting - Pitching for Seattle Rainiers : LHP William Gordon
Batting: RHB Kenny Thompson 0-0: Foul Ball, location: 2F
0-1: Called Strike
0-2: DOUBLE (Groundball, 5L)
Batting: LHB José Liñares 0-0: Called Strike
0-1: Called Strike
0-2: Ground out 3-1 (Groundball, 34)
Kenny Thompson to third
Batting: LHB Raúl Casillán 0-0: Ball
1-0: Foul Ball, location: 2F
1-1: Fly out, F6 (Popup, 4MD)
Batting: RHB Peter Bryant 0-0: Called Strike
0-1: Called Strike
0-2: Ground out 4-3 (Groundball, 4)
Bottom of the 6th over - 0 run(s), 1 hit(s), 0 error(s), 1 left on base; Seattle 3 - Saskatoon 2
TOP OF THE 7TH
Seattle Rainiers batting - Pitching for Saskatoon Smokin' Guns : LHP Ernesto Pérez
Pitching: LHP Dawson Sutton
Batting: RHB Robert Marks 0-0: Ball
1-0: Ball
2-0: Ball
3-0: Base on Balls
Batting: LHB Alan Moore 0-0: Called Strike
0-1: Ball
Wild Pitch!
Robert Marks to second
1-1: Swinging Strike
1-2: Strikes out looking
Batting: RHB Jeremiah Soto 0-0: Intentional Walk
Pinch Hitting: RHB Bill Dawson 0-0: Ball
Wild Pitch!
Robert Marks to third
Jeremiah Soto to second
1-0: Ball
2-0: Ball
3-0: Called Strike
3-1: Foul Ball, location: 2F
3-2: Fly out, F3 (Popup, 3F)
Batting: RHB Alfredo Farías 0-0: Ball
1-0: Ball
2-0: Ball
3-0: Called Strike
3-1: Base on Balls
Batting: RHB Casey Fox 0-0: Ball
1-0: Ball
2-0: Called Strike
2-1: Ball
3-1: SINGLE (Line Drive, 7LM)
Robert Marks scores
Jeremiah Soto to third
Alfredo Farías to second
Runner from 3rd tries for Home, SAFE, no throw or cutoff
Batting: RHB Tony Hernández 0-0: Called Strike
0-1: Swinging Strike
0-2: Foul Ball, location: 2F
0-2: Fly out, F7 (Flyball, 7S)
Top of the 7th over - 2 run(s), 1 hit(s), 0 error(s), 2 left on base; Seattle 5 - Saskatoon 2
BOTTOM OF THE 7TH
Saskatoon Smokin' Guns batting - Pitching for Seattle Rainiers : LHP William Gordon
Now at SS: Bill Dawson
Batting: RHB César Rodríguez 0-0: Called Strike
0-1: Ground out 5-3 (Groundball, 5S)
Batting: RHB Johnny MacNamara 0-0: Called Strike
0-1: Ball
1-1: SINGLE (Line Drive, 8RS)
Batting: RHB Henry Jackson 0-0: Foul Ball, location: 2F
0-1: Ball
1-1: Fly out, F4 (Popup, 34)
Pitching: LHP Vicente Mojica
Batting: LHB Bo Rush 0-0: Called Strike
0-1: Foul Ball, location: 2F
0-2: Ball
1-2: Ball
Johnny MacNamara is caught stealing 2nd base
Bottom of the 7th over - 0 run(s), 1 hit(s), 0 error(s), 0 left on base; Seattle 5 - Saskatoon 2
TOP OF THE 8TH
Seattle Rainiers batting - Pitching for Saskatoon Smokin' Guns : LHP Dawson Sutton
Pitching: RHP Luis Mejía
Batting: LHB Miguel García 0-0: Fly out, F9 (Flyball, 9M)
Batting: RHB Enrique Mendoza 0-0: Foul Ball, location: 2F
0-1: Fly out, F4 (Popup, 4D)
Batting: RHB Robert Marks 0-0: Ground out 4-3 (Groundball, 4S)
Top of the 8th over - 0 run(s), 0 hit(s), 0 error(s), 0 left on base; Seattle 5 - Saskatoon 2
BOTTOM OF THE 8TH
Saskatoon Smokin' Guns batting - Pitching for Seattle Rainiers : LHP Vicente Mojica
Batting: LHB Bo Rush 0-0: Ball
1-0: Foul Ball, location: 2F
1-1: Ball
2-1: Foul Ball, location: 2F
2-2: SINGLE (Groundball, 34)
Pitching: RHP Domingo García
Batting: RHB Xavier López 0-0: Foul Ball, location: 2F
0-1: Ball
1-1: SINGLE (Groundball, 6MD)
Bo Rush to second
Runner from 2nd tries for 3rd, SAFE, throw made to third
Xavier López to second
Batting: RHB Kenny Thompson 0-0: Ball
1-0: Fly out, F9 (Line Drive, 89M)
Runner from 3rd tags up, SCORES, throw made
Batting: LHB José Liñares 0-0: Ball
1-0: Ball
2-0: Called Strike
2-1: Ground out 6-3 (Groundball, 6)
Batting: LHB Raúl Casillán 0-0: Ball
1-0: Ball
2-0: Ball
3-0: Base on Balls
Pinch Hitting: LHB Russell Peck 0-0: Ball
1-0: Called Strike
1-1: SINGLE (Groundball, 34D)
Xavier López to third
Raúl Casillán to second
Runner from 3rd tries for Home, SAFE, no throw or cutoff
Batting: RHB César Rodríguez 0-0: Ball
1-0: Ball
2-0: Foul Ball, location: 2F
2-1: Ball
3-1: Foul Ball, location: 2F
3-2: Ground out 5-3 (Groundball, 5)
Bottom of the 8th over - 2 run(s), 3 hit(s), 0 error(s), 2 left on base; Seattle 5 - Saskatoon 4
TOP OF THE 9TH
Seattle Rainiers batting - Pitching for Saskatoon Smokin' Guns : RHP Luis Mejía
Now at 2B: Russell Peck
Batting: LHB Alan Moore 0-0: Ball
1-0: Called Strike
1-1: Foul Ball, location: 2F
1-2: Ground out U3 (Groundball, 3L)
Batting: RHB Jeremiah Soto 0-0: Ball
1-0: SINGLE (Groundball, 6MD)
Pinch Hitting: SHB Nick Cox 0-0: Ball
Jeremiah Soto is caught stealing 2nd base
1-0: Ball
2-0: Foul Ball, location: 2F
2-1: Foul Ball, location: 2F
2-2: Ground out U3 (Groundball, 3S)
Top of the 9th over - 0 run(s), 1 hit(s), 0 error(s), 0 left on base; Seattle 5 - Saskatoon 4
BOTTOM OF THE 9TH
Saskatoon Smokin' Guns batting - Pitching for Seattle Rainiers : RHP Domingo García
Pitching: RHP Jim Thompson
Now at SS: Jorge Colón
Pinch Hitting: RHB Zack Flint 0-0: Swinging Strike
0-1: Called Strike
0-2: Ball
1-2: Strikes out looking
Pinch Hitting: LHB Carlos Perneta 0-0: Foul Ball, location: 2F
0-1: Ball
1-1: Ball
2-1: Ball
3-1: Base on Balls
Batting: LHB Bo Rush 0-0: Ball
1-0: Called Strike
1-1: Ball
2-1: Ball
3-1: Foul Ball, location: 2F
3-2: Foul Ball, location: 2F
3-2: Base on Balls
Carlos Perneta to second
Batting: RHB Xavier López 0-0: Ball
1-0: SINGLE (Groundball, 56D) (infield hit)
Carlos Perneta to third
Bo Rush to second
Batting: RHB Kenny Thompson 0-0: Foul Ball, location: 2F
0-1: Fly out, F8 (Flyball, 8LM)
Runner from 3rd tags up, SCORES, no throw
Pinch Runner at 2nd Michael Miller:
Batting: LHB José Liñares 0-0: Called Strike
0-1: Ball
1-1: Fly out, F7 (Flyball, 7M)
Bottom of the 9th over - 1 run(s), 1 hit(s), 0 error(s), 2 left on base; Seattle 5 - Saskatoon 5
TOP OF THE 10TH
Seattle Rainiers batting - Pitching for Saskatoon Smokin' Guns : RHP Luis Mejía
Pitching: RHP Carlos Ortíz
Now at 3B: Rijk de Rade
Now at SS: Carlos Perneta
Batting: RHB Alfredo Farías 0-0: SINGLE (Line Drive, 4MD)
Now in RF: Michael Miller
Batting: RHB Casey Fox 0-0: Bunt missed!
0-1: Bunted foul
0-2: Ball
1-2: SINGLE (Groundball, 5)
Alfredo Farías to second
Batting: RHB Tony Hernández 0-0: Foul Ball, location: 2F
0-1: Swinging Strike
0-2: Ball
Wild Pitch!
Alfredo Farías to third
Casey Fox to second
1-2: Ball
2-2: Ball
3-2: Intentional Walk
Batting: LHB Miguel García 0-0: Called Strike
0-1: Called Strike
0-2: Ball
1-2: Strikes out swinging
Batting: RHB Enrique Mendoza 0-0: Foul Ball, location: 2F
0-1: TRIPLE (Flyball, 78M)
Alfredo Farías scores
Casey Fox scores
Tony Hernández scores
Pitching: RHP Dusty Smith
Batting: RHB Robert Marks 0-0: Ball
1-0: Foul Ball, location: 2F
1-1: Fly out, F8 (Flyball, 89M)
Runner from 3rd tags up, SCORES, no throw
Batting: LHB Alan Moore 0-0: Ground out 4-3 (Groundball, 4)
Top of the 10th over - 4 run(s), 3 hit(s), 0 error(s), 0 left on base; Seattle 9 - Saskatoon 5
BOTTOM OF THE 10TH
Saskatoon Smokin' Guns batting - Pitching for Seattle Rainiers : RHP Jim Thompson
Batting: LHB Raúl Casillán 0-0: Ball
1-0: Called Strike
1-1: Ball
2-1: Foul Ball, location: 2F
2-2: Strikes out swinging
Batting: LHB Russell Peck 0-0: Called Strike
0-1: Called Strike
0-2: Ball
1-2: Strikes out swinging
Batting: RHB César Rodríguez 0-0: Ball
1-0: Ball
2-0: DOUBLE (Flyball, 7LD) - OUT at third base trying to stretch hit.
Bottom of the 10th over - 0 run(s), 1 hit(s), 0 error(s), 0 left on base; Seattle 9 - Saskatoon 5
This league is powered by Out of the Park Baseball, the baseball management simulation game for PC, Mac and Linux
Tuesday, August 2nd, 2016 - OOTP Baseball 16.8 Build 38